 Dungeon Crawl Stone Soup version 0.31-a0-875-g02e7d12df6 (webtiles) character file.

Game seed: 10538484168120596230

55507 kae the Jinx (level 14, 0/98 (110) HPs)
             Began as a Demonspawn Enchanter on Oct 12, 2023.
             Was a High Priest of Dithmenos.
             Slain by a dire elephant (12 damage)
             ... on level 5 of the Lair of Beasts.
             The game lasted 00:38:29 (25082 turns).

kae the Jinx (Demonspawn Enchanter)                Turns: 25082, Time: 00:38:30

HP:   0/98 (110)    AC:  6    Str: 10    XL:     14   Next: 38%
MP:   10/22         EV: 17    Int: 20    God:    Dithmenos [*****.]
Gold: 1421          SH:  5    Dex: 14    Spells: 8/19 levels left

rFire   + . .        a - +2 short sword of the Gloaming {elec, rF+}
rCold   + . .        (no shield)
rNeg    . . .        (no body armour)
rPois   .            (no helmet)
rElec   .            d - +2 cloak {rCorr}
rCorr   +            I - +2 pair of gloves {hurl}
SInv    .            (no boots)
Will    +....        H - amulet of a Thousand Spines {Reflect rC+ SH+5}
Stlth   ++++++++     Z - ring of wizardry
HPRegen 0.36/turn    L - ring of flight
MPRegen 0.18/turn

%: repel missiles, reflection, wizardry (x1)
@: confusing by touch, flying, wreathed by umbra, heavily drained
A: repulsion field 3, demonic guardian 2, demonic magic 1
a: Renounce Religion, Shadow Step, Shadow Form


You were on level 5 of the Lair of Beasts.
You worshipped Dithmenos.
Dithmenos was extremely pleased with you.
You visited 3 branches of the dungeon, and saw 17 of its levels.
You also visited: Ice Cave and Volcano.

You collected 1421 gold pieces.


Innate Abilities, Weirdness & Mutations

You are surrounded by a strong repulsion field. (EV +4, RMsl)
A demonic guardian rushes to your aid.
Spells you cast may paralyse adjacent enemies.


   Skills:
 + Level 10.2 Fighting
 * Level 12.8 Short Blades
 + Level 3.7 Dodging
 * Level 11.2 Stealth
 - Level 3.0 Spellcasting
 - Level 13.2 Hexes
 - Level 1.0 Ice Magic
 - Level 11.0 Invocations


You had 8 spell levels left.
You knew the following spells:

 Your Spells              Type           Power      Damage    Failure   Level
a - Ensorcelled Hibernat  Hex/Ice        62%        N/A       1%          2
b - Confusing Touch       Hex            54%        N/A       1%          3
c - Tukima's Dance        Hex            54%        N/A       1%          3
d - Dazzling Flash        Conj/Hex       58%        N/A       1%          3

Your spell library contained the following spells:

 Spells                   Type           Power      Damage    Failure   Level
 Sigil of Binding         Hex            54%        N/A       1%          3
 Freeze                   Ice            28%        1d5       4%          1
 Dimensional Bullseye     Hex/Tloc       14%        N/A       4%          4
 Leda's Liquefaction      Hex/Erth       14%        N/A       4%          4
 Magic Dart               Conj           12%        1d3       6%          1
 Blink                    Tloc           6%         N/A       9%          2
 Call Imp                 Summ           6%         N/A       9%          2
 Lesser Beckoning         Tloc           6%         N/A       9%          2
 Momentum Strike          Conj/Tloc      6%         3d8       9%          2
 Passwall                 Tmut/Erth      2%         N/A       9%          2
 Static Discharge         Conj/Air       6%         2-3/arc   9%          2
 Sublimation of Blood     Necr           3%         N/A       9%          2
 Wereblood                Tmut           3%         N/A       9%          2
 Ozocubu's Armour         Ice            7%         N/A       12%         3
 Hailstorm                Conj/Ice       5%         3d4       14%         3
 Call Canine Familiar     Summ           3%         N/A       16%         3
 Gell's Gravitas          Tloc           3%         N/A       16%         3
 Mephitic Cloud           Conj/Pois/Air  3%         N/A       16%         3
 Swiftness                Air            3%         N/A       16%         3
 Teleport Other           Tloc           3%         N/A       16%         3
 Airstrike                Air            1%         2d(1-17)  45%         4
 Manifold Assault         Tloc           3%         N/A       45%         4
 Summon Lightning Spire   Summ/Air       3%         N/A       45%         4
 Simulacrum               Ice/Necr       2%         N/A       99%         6
 Dispersal                Tloc           1%         N/A       100%        6
 Ozocubu's Refrigeration  Ice            3%         4d8       100%        7
 Summon Hydra             Summ           1%         N/A       100%        7
 Disjunction              Tloc           1%         N/A       100%        8
 Polar Vortex             Ice            3%         N/A       100%        9

Inventory:

Hand Weapons
 a - the +2 short sword of the Gloaming (weapon) {elec, rF+}
   (You took it off a hobgoblin on level 4 of the Dungeon)

   rF+:       It protects you from fire.
 b - a +3 dagger of venom
   (You found it on level 2 of the Dungeon)
 x - a +3 dagger
   (You took it off an orc wizard on level 9 of the Dungeon)
 O - a +1 hand cannon of flaming
   (You found it in a volcano)
Armour
 d - a +2 cloak of preservation (worn)
   (You found it on level 5 of the Lair of Beasts)
 I - a +2 pair of gloves of hurling (worn)
   (You found it in an ice cave)
 K - the +4 skin of Zhor {*Englaciate rC+++ SInv}
   (You found it in an ice cave)

   *Englaciate: It radiates cold, occasionally slowing all nearby creatures who
   are not resistant to cold.
   rC+++:     It renders you almost immune to cold.
   SInv:      It lets you see invisible.
 V - the +3 hat of Pondering {ponderous, Will+ MP+10 Int+5}
   (You took it off Gastronok on level 3 of the Lair of Beasts)

   Int+5:     It affects your intelligence (+5).
   Will+:     It increases your willpower.
   MP+10:     It affects your magic capacity (+10).
Magical Staves
 E - a staff of air {!a}
   (You found it on level 9 of the Dungeon)
 J - a staff of fire {!a}
   (You found it in an ice cave)
Jewellery
 F - a ring of protection from fire
   (You found it on level 2 of the Lair of Beasts)
 H - the amulet of a Thousand Spines (around neck) {Reflect rC+ SH+5}
   (You found it on level 9 of the Dungeon)

   [amulet of reflection]

   Reflect:   It reflects blocked missile attacks.
   rC+:       It protects you from cold.
   SH+5:      It affects your SH (+5).
 L - a ring of flight (right hand)
   (You found it on level 7 of the Dungeon)
 R - a ring of resist corrosion
   (You took it off an orc on level 10 of the Dungeon)
 Z - a ring of wizardry (left hand)
   (You found it on level 2 of the Dungeon)
Wands
 e - a wand of light (9)
   (You found it in an ice cave)
 l - a wand of digging (3)
   (You found it on level 5 of the Lair of Beasts)
 q - a wand of flame (39)
   (You found it on level 6 of the Dungeon)
 A - a wand of iceblast (30)
   (You found it on level 8 of the Dungeon)
 D - a wand of mindburst (5)
   (You found it in an ice cave)
Scrolls
 f - 9 scrolls of teleportation {@r4}
 i - 2 scrolls of fog
 s - 2 scrolls of silence {!r}
 t - 3 scrolls of fear
 w - 3 scrolls of identify {@r1}
 y - 4 scrolls of summoning
 B - 2 scrolls of torment {!r}
 G - a scroll of amnesia
 M - 3 scrolls of poison {!r}
 P - 2 scrolls of blinking {!r}
 Q - 3 scrolls of enchant weapon
 Y - 3 scrolls of revelation
Potions
 c - 3 potions of invisibility
 g - a potion of curing {@q1}
 j - 2 potions of cancellation
 k - 2 potions of enlightenment
 m - 3 potions of attraction {!q}
 o - 2 potions of resistance
 p - 2 potions of might
 u - 4 potions of mutation {!q}
 C - 4 potions of magic
 N - 2 potions of heal wounds {@q2}
 T - a potion of brilliance
 U - a potion of berserk rage {!q}
Miscellaneous
 W - a box of beasts (inert)
   (You found it on level 4 of the Lair of Beasts)
 X - a tin of tremorstones (2/2)
   (You found it on level 4 of the Lair of Beasts)

Dungeon Overview and Level Annotations

Branches:
Dungeon (11/15) Zot: 25507  Temple (1/1) D:5 Zot: 5934    Lair (5/5) D:9 Zot: 21628
  Swamp (0/4) Lair:2       Spider (0/4) Lair:2        Slime (0/5) Lair:4
    Orc (0/2) D:11          IceCv (visited)         Volcano (visited)

Altars:
Ashenzari
Cheibriados
Dithmenos
Fedhas
Gozag
Hepliaklqana
Kikubaaqudgha
Makhleb
Nemelex Xobeh
Okawaru
Qazlal
Ru
Sif Muna
Trog
Uskayaw
Vehumet
Wu Jian
Xom
Yredelemnul
Jiyva

Portals:
Trove: D:10 (give 9 potions of haste)

Annotations:
D:6 1 runed translucent door
D:8 3 runed translucent doors, bmj180's ghost, novice HuCj
Lair:3 2 transporters, Torious's ghost, journeyman DECj
Lair:5 exclusion: obsidian statue

#8.....##♣♣###P.P#####8.⌠.8##
#......# ####.### .###8.8##
#8.....####....# ~~.######
#########'#P...####
≈≈≈Y#8...8# ##:#
#.#.####.8#.~≈≈≈'...(Z# ##+#
#...#§....p..~≈~'...:)# #♣8♣
#8..#§p..8##.~~##8...8# ...
###''#§Y#### ##
##...P##.#..#§3@#
♣.........§§## ♣♣.P......§##
♣♣##.....## #######


You could see a dire elephant (soul bound, ally target), a necromancer
(confused) and a friendly soul eater (summoned).


Message History

You start resting.
Your sixfirhy disappears in a puff of smoke! 😕 HP[+76]
You regained 76 hp, and now have 89/105 hp.
You start resting. 😎 HP[+16]
Your hp is fully restored (105).
There is a large open door here.
You reach down and open the large door.
There is a large open door here.
What are your orders? t - Shout!
Orders for allies: a - Attack new target. r - Retreat! s - Stop attacking. g - Guard the area. f - Follow me.
Anything else - Cancel.
You shout for attention!
You hear a shout!
You hear a trumpeting! x2
You start waiting.
A necromancer is nearby!
There is a large open door here.
You start waiting.
A necromancer is nearby!
Casting: Confusing Touch (safe; 1% risk of failure)
Confirm with . or Enter, or press ? or * to list all spells.
Your hands begin to glow red.
Malevolent energies surge around you. 😎 MP[-3]
You lost 3 mp, and now have 19/22 mp.
Casting: Confusing Touch (safe; 1% risk of failure)
Confirm with . or Enter, or press ? or * to list all spells.
Aiming: Ensorcelled Hibernation (safe; 1% risk of failure)
Press: ? - help, Shift-Dir - straight line, f - necromancer
Aim: a necromancer, wielding a +0 dagger and wearing a +0 robe (chance to confuse on hit: 38%, umbra, chance to affect: 26%)
The necromancer easily resists.
Malevolent energies surge around you.
Your shadow mimics your spell!
The necromancer resists with almost no effort. 😎 MP[-2]
You lost 2 mp, and now have 17/22 mp.
You start resting.
A necromancer is nearby!
Casting: Ensorcelled Hibernation (safe; 1% risk of failure)
Confirm with . or Enter, or press ? or * to list all spells.
Aiming: Ensorcelled Hibernation (safe; 1% risk of failure)
Press: ? - help, Shift-Dir - straight line, f/p - necromancer
Aim: a necromancer, wielding a +0 dagger and wearing a +0 robe (chance to confuse on hit: 38%, umbra, chance to affect: 26%)
The necromancer easily resists.
Malevolent energies surge around you.
Your shadow mimics your spell!
The necromancer resists with almost no effort.
The necromancer casts a spell.
The necromancer binds the souls of nearby monsters.
You hear a trumpeting! 😎 MP[-1]
You lost 1 mp, and now have 16/22 mp.
Casting: Ensorcelled Hibernation (safe; 1% risk of failure)
Confirm with . or Enter, or press ? or * to list all spells.
Aiming: Ensorcelled Hibernation (safe; 1% risk of failure)
Press: ? - help, Shift-Dir - straight line, f/p - necromancer
Aim: a necromancer, wielding a +0 dagger and wearing a +0 robe (chance to confuse on hit: 38%, umbra, chance to affect: 26%)
The necromancer easily resists.
Malevolent energies surge around you.
The necromancer mumbles some strange words.
The necromancer binds the souls of nearby monsters. 😎 MP[-2]
You lost 2 mp, and now have 14/22 mp.
Casting: Ensorcelled Hibernation (safe; 1% risk of failure)
Confirm with . or Enter, or press ? or * to list all spells.
Aiming: Ensorcelled Hibernation (safe; 1% risk of failure)
Press: ? - help, Shift-Dir - straight line, f/p - necromancer
Aim: a necromancer, wielding a +0 dagger and wearing a +0 robe (chance to confuse on hit: 38%, umbra, chance to affect: 26%)
The necromancer easily resists.
Malevolent energies surge around you.
Your shadow mimics your spell!
The necromancer resists with almost no effort.
The necromancer gestures at you while chanting.
The bolt of negative energy hits you!!!
You feel drained.
A demonic guardian appears!
You emit a cloud of dark smoke. 😮 HP[-44] MP[-2]
You now have 98 max hp (-7).
You take 44 damage, and now have 61/98 hp.
MASSIVE DAMAGE!! (PAUSE)
You lost 2 mp, and now have 12/22 mp.
You hit the necromancer but do no damage.
You hit the necromancer but do no damage.
The necromancer appears confused.
You punch the necromancer.
Your shadow hits the necromancer with a short sword.
Your soul eater hits the dire elephant!!
Unknown command.
You hit the dire elephant but do no damage.
You punch the dire elephant, but do no damage. 😮 HP[+1]
Casting: Ensorcelled Hibernation (safe; 1% risk of failure)
Confirm with . or Enter, or press ? or * to list all spells.
Your hands begin to glow red.
Malevolent energies surge around you. The dire elephant tramples you!!
* * * LOW HITPOINT WARNING * * *
You emit a cloud of dark smoke.
You hold your ground!
You block the dire elephant's attack.
Your soul eater hits the dire elephant but does no damage.
The dire elephant tramples you!
* * * LOW HITPOINT WARNING * * *
You hold your ground!
The dire elephant trunk-slaps you!
You die...

Skill      XL: |  1  2  3  4  5  6  7  8  9 10 11 12 13 14 |
---------------+-------------------------------------------+-----
Short Blades   | 1 2 3 4 5 7 8 9 11 12 | 12.8
Dodging        | 2 3 |  3.7
Fighting       | 1 2 3 4 5 6 7 8 9 10 | 10.2
Stealth        | 3 4 5 6 7 8 9 10 11 | 11.2
Ice Magic      | 1 |  1.0
Hexes          | 4 5 7 8 9 11 12 13 | 13.2
Spellcasting   | 3 |  3.0
Invocations    | 1 3 5 6 8 10 11 | 11.0

Action                     |  1- 3 |  4- 6 |  7- 9 | 10-12 | 13-15 || total
---------------------------+-------+-------+-------+-------+-------++-------
  Melee: Dagger            |   147 |    97 |   282 |   727 |       ||  1253
         Punch             |     2 |       |     5 |    16 |    11 ||    34
         Short sword       |       |       |       |   233 |   629 ||   862
   Cast: Ensorcelled Hiber |     2 |     2 |    38 |    87 |    92 ||   221
         Confusing Touch   |     2 |     2 |     6 |    57 |    28 ||    95
         Dazzling Flash    |       |       |       |     5 |    13 ||    18
 Invoke: Shadow Form       |       |       |       |     1 |       ||     1
         Shadow Step       |       |       |       |       |     4 ||     4
  Evoke: Wand              |       |       |       |     5 |       ||     5
         Box of beasts     |       |       |       |       |     1 ||     1
    Use: Scroll            |     9 |       |     7 |    13 |     4 ||    33
         Potion            |     2 |       |       |     1 |       ||     3
   Stab: Sleeping          |    10 |     7 |    29 |    59 |    69 ||   174
         Confused          |       |     5 |     5 |    33 |    17 ||    60
         Paralysed         |       |       |       |    40 |    21 ||    61
         Distracted        |       |       |       |     2 |     2 ||     4
         Invisible         |       |       |       |     5 |     7 ||    12
 Armour: Robe              |    51 |    27 |   131 |   192 |       ||   401
         Skin              |       |       |       |   205 |   210 ||   415
  Dodge: Dodged            |    93 |    42 |   156 |   515 |   288 ||  1094
         Repelled          |       |       |       |     1 |       ||     1
  Block: Other             |       |       |     6 |   150 |    92 ||   248
         Reflection        |       |       |       |     4 |       ||     4

Levels and vault maps discovered:
D:1:      noname_arrival_rooms_in_the_neighbourhood, layout_rooms,
          basic_ecumenical_altar
D:2:      layout_rooms, minmay_goblin_kobold_house
D:3:      layout_rooms, grunt_temple_overflow_open, feat_on_display
D:4:      layout_loops_corners, nicolae_qazlal_beasts_of_the_sky,
          mainiacjoe_overflow_small_starburst, mainiacjoe_overflow_alcove_4,
          nicolae_gozag_cash_rules_everything_around_me,
          serial_co_window_serial, co_window_corner_a, co_window_paths_a,
          co_window_corner_a, co_window_corner_a, co_window_paths_a,
          co_window_of_opportunity_a, co_window_paths_c, co_window_corner_b,
          co_window_2corner, co_window_paths_d, co_window_paths_e,
          glass_columns_a, glass_columns_a, glass_columns_b, minmay_vboxes
D:5:      layout_cave_pools, tso_metal_star, lemuel_tele_altar,
          grunt_dithmenos_shadows, minmay_temple_entry_statues, uniq_edmund
D:6:      nicolae_cairo_tiling_large_dashed, layout_loops_ring,
          dk_yredelemnul_ordeal, uniq_maggie
D:7:      layout_loops_cross
D:8:      layout_loops_cross, ebering_ghost_gozag,
          minmay_fractal_squares_diagonal_5
D:9:      layout_cave_pods, chequers_temple_overflow_statue_of_worship,
          david_lair_generic
D:10:     layout_loops_ring, mainiacjoe_overflow_tiny_flanked, enter_trove_6
D:11:     layout_cave_pools, hiddenorc1_lemuel,
          portal_ice_cave_entry_animals_and_master, nicolae_ru_path_of_blood
Temple:   hellmonk_temple_forest_ring
Lair:1:   layout_loops_ring, lightli_volcano_entry_magma_tube,
          beast_lair_carwin_10, grunt_megastairs_4, serial_bayou_shore_a,
          serial_bayou_shore_b, infiniplex_staircase_pool_2
Lair:2:   layout_chaotic_city, swamp_mist, spider_nest_entry_funnel_web,
          nicolae_lair_run_with_the_wolves
Lair:3:   layout_roguey, gammafunk_ghost_hive, uniq_gastronok
Lair:4:   layout_long_grid, slime_entry_1, dreamdust_gnoll_shepherd
Lair:5:   due_jungle_book, layout_regular_city, minivault_23,
          kennysheep_abandoned_house

Notes
Turn   | Place    | Note
-------+----------+-------------------------------------------
     0 | D:1      | kae the Demonspawn Enchanter began the quest for the Orb.
     0 | D:1      | Reached XP level 1. HP: 13/13 MP: 3/3
     0 | D:1      | magus.rc [v1.11.3]
    54 | D:1      | Reached skill level 1 in Short Blades
    56 | D:1      | HP: 1/13 [frozen (4)]
   151 | D:1      | Gained mutation: You are surrounded by a mild repulsion
                  | field. (EV +2) [demonic ancestry]
   151 | D:1      | Reached XP level 2. HP: 19/19 MP: 5/5
   159 | D:1      | Learned a level 2 spell: Ensorcelled Hibernation
   215 | D:1      | You pick up a book of Burglary and begin reading...
   215 | D:1      | You add the spells Passwall and Swiftness to your library.
   533 | D:1      | Found a faded altar of an unknown god.
   545 | D:1      | Gained mutation: A weak demonic guardian rushes to your
                  | aid. [demonic ancestry]
   545 | D:1      | Reached XP level 3. HP: 25/25 MP: 6/6
   549 | D:1      | Learned a level 3 spell: Confusing Touch
   555 | D:1      | Reached skill level 2 in Dodging
   615 | D:1      | You pick up a book of Blood and begin reading...
   615 | D:1      | You add the spells Sublimation of Blood, Wereblood and
                  | Summon Hydra to your library.
   791 | D:2      | Reached skill level 1 in Fighting
   934 | D:2      | You add the spells Ozocubu's Armour, Simulacrum and
                  | Ozocubu's Refrigeration to your library.
   934 | D:2      | Got a shiny book
  1199 | D:3      | Found an ornate altar of the Wu Jian Council.
  1206 | D:3      | Found a snail-covered altar of Cheibriados.
  1367 | D:3      | You pick up a book of Displacement and begin reading...
  1367 | D:3      | You add the spells Lesser Beckoning, Gell's Gravitas and
                  | Teleport Other to your library.
  1368 | D:3      | Noticed a phantom
  1392 | D:3      | HP: 4/26 [phantom (4)]
  1407 | D:3      | Reached skill level 3 in Stealth
  1407 | D:3      | Reached XP level 4. HP: 15/32 MP: 3/7
  1411 | D:3      | Killed a phantom
  1412 | D:3      | Reached skill level 2 in Short Blades
  1412 | D:3      | Reached skill level 1 in Ice Magic
  1412 | D:3      | Gained mutation: You are surrounded by a moderate repulsion
                  | field. (EV +3) [demonic ancestry]
  1412 | D:3      | Reached XP level 5. HP: 15/37 MP: 4/8
  1797 | D:4      | HP: 9/37 [poisoned by an orc]
  1802 | D:4      | HP: 4/37 [poisoned by an orc]
  1957 | D:4      | Reached skill level 4 in Hexes
  2220 | D:4      | Noticed a black bear
  2229 | D:4      | Killed a black bear
  2230 | D:4      | Reached skill level 2 in Fighting
  2230 | D:4      | Reached XP level 6. HP: 18/44 MP: 6/10
  2675 | D:4      | Reached skill level 3 in Short Blades
  2793 | D:4      | Reached skill level 3 in Spellcasting
  2853 | D:4      | Identified the +2 short sword of the Gloaming {elec, rF+}
  2918 | D:4      | Found a stormy altar of Qazlal.
  2918 | D:4      | Noticed a sky beast
  2926 | D:4      | Killed a sky beast
  2927 | D:4      | Reached XP level 7. HP: 51/51 MP: 11/11
  3058 | D:4      | Found an opulent altar of Gozag.
  3322 | D:4      | Found a broken altar of Ashenzari.
  3457 | D:5      | Entered Level 5 of the Dungeon
  3477 | D:5      | Found a staircase to the Ecumenical Temple.
  3477 | D:5      | Noticed Edmund
  3498 | D:5      | Killed Edmund
  3499 | D:5      | Reached skill level 5 in Hexes
  3506 | Temple   | Entered the Ecumenical Temple
  3649 | D:5      | Reached skill level 4 in Stealth
  3811 | D:5      | Reached skill level 4 in Short Blades
  3868 | D:5      | Reached skill level 3 in Fighting
  4182 | D:5      | Found a shadowy altar of Dithmenos.
  4198 | D:5      | Became a worshipper of Dithmenos the Shadowed
  4320 | D:5      | Found a blossoming altar of Fedhas.
  4415 | D:6      | Reached skill level 1 in Invocations
  4415 | D:6      | Gained mutation: A demonic guardian rushes to your aid.
                  | [demonic ancestry]
  4415 | D:6      | Reached XP level 8. HP: 58/58 MP: 9/12
  4429 | D:6      | Reached skill level 6 in Hexes
  4616 | D:6      | Reached skill level 5 in Short Blades
  4616 | D:6      | Reached skill level 2 in Invocations
  4773 | D:6      | You pick up a book of Storms and begin reading...
  4773 | D:6      | You add the spells Static Discharge, Airstrike and Summon
                  | Lightning Spire to your library.
  5143 | D:6      | Noticed Maggie
  5161 | D:6      | Killed Maggie
  5162 | D:6      | Reached skill level 4 in Fighting
  5162 | D:6      | Reached skill level 5 in Stealth
  5162 | D:6      | Reached skill level 3 in Invocations
  5325 | D:6      | Found a runed translucent door.
  5372 | D:6      | Found a basalt altar of Yredelemnul.
  5528 | D:7      | Reached * piety under Dithmenos
  5659 | D:7      | Reached skill level 7 in Hexes
  5659 | D:7      | Reached XP level 9. HP: 54/65 MP: 10/13
  5915 | D:7      | Learned a level 3 spell: Tukima's Dance
  5919 | D:7      | Learned a level 3 spell: Dazzling Flash
  5961 | D:7      | Reached skill level 6 in Short Blades
  6246 | D:7      | Reached skill level 4 in Invocations
  6281 | D:7      | You pick up a book of the Warp and begin reading...
  6281 | D:7      | You add the spells Manifold Assault, Dispersal and
                  | Disjunction to your library.
  6721 | D:8      | Found a runed translucent gate.
  6722 | D:8      | Found a runed translucent gate.
  6723 | D:8      | Found a runed translucent gate.
  6791 | D:8      | Reached skill level 5 in Fighting
  6805 | D:8      | HP: 12/68 [yak (10)]
  6812 | D:8      | Reached skill level 8 in Hexes
  6817 | D:8      | Reached skill level 5 in Invocations
  7070 | D:8      | Found an opulent altar of Gozag.
  7071 | D:8      | Noticed a boulder beetle
  7071 | D:8      | Noticed a death knight
  7072 | D:8      | Noticed bmj180's ghost (novice HuCj)
  7123 | D:8      | Reached skill level 6 in Stealth
  7163 | D:8      | Reached skill level 7 in Short Blades
  7419 | D:8      | Reached XP level 10. HP: 68/74 MP: 14/14
  7903 | D:8      | Reached ** piety under Dithmenos
  8812 | D:9      | You pick up a book of Minor Magic and begin reading...
  8812 | D:9      | You add the spells Magic Dart, Call Imp and Mephitic Cloud
                  | to your library.
  8898 | D:9      | Found a staircase to the Lair.
  8921 | D:9      | Reached skill level 6 in Invocations
  8933 | D:9      | Reached skill level 9 in Hexes
  9003 | D:9      | Found a radiant altar of Vehumet.
  9004 | D:9      | Found a bloodstained altar of Trog.
  9048 | D:9      | Reached skill level 6 in Fighting
  9274 | D:9      | Identified the amulet of a Thousand Spines {Reflect rC+
                  | SH+5}
  9373 | D:9      | Reached skill level 8 in Short Blades
  9597 | D:9      | Found the +8 Wrath of Trog {antimagic, *Rage Rampage}
  9657 | D:10     | Entered Level 10 of the Dungeon
  9705 | D:10     | Reached *** piety under Dithmenos
 10197 | D:10     | Reached skill level 7 in Stealth
 10322 | D:10     | Found a portal to a secret trove of treasure.
 10413 | D:10     | Found a hide-covered altar of Uskayaw.
 10690 | D:11     | Found a frozen archway.
 10726 | D:11     | HP: 16/77 [rime drake (4)]
 10737 | D:11     | HP: 14/77 [yak (5)]
 10759 | D:11     | HP: 8/77 [yak (13)]
 10762 | D:11     | Gained mutation: Spells you cast may paralyse adjacent
                  | enemies. [demonic ancestry]
 10762 | D:11     | Reached XP level 11. HP: 9/83 MP: 5/16
 10786 | D:11     | Noticed a two-headed ogre
 10790 | D:11     | Reached skill level 7 in Invocations
 10793 | D:11     | Killed a two-headed ogre
 10869 | IceCv    | Entered an ice cave
 11603 | IceCv    | Reached **** piety under Dithmenos
 11669 | IceCv    | Reached skill level 10 in Hexes
 12343 | IceCv    | Noticed a bog body
 12343 | IceCv    | Noticed a bog body
 12361 | IceCv    | Killed a bog body
 12362 | IceCv    | Reached skill level 7 in Fighting
 12362 | IceCv    | Reached skill level 9 in Short Blades
 12377 | IceCv    | Killed a bog body
 12449 | IceCv    | HP: 17/84 [harpy simulacrum (7)]
 12453 | IceCv    | HP: 5/84 [harpy simulacrum (7)]
 12571 | IceCv    | HP: 19/84 [three-headed hydra simulacrum (6)]
 12571 | IceCv    | HP: 3/84 [three-headed hydra simulacrum (16)]
 13246 | IceCv    | You add the spells Freeze, Hailstorm and Polar Vortex to
                  | your library.
 13246 | IceCv    | Got a tattered book
 13257 | IceCv    | Identified the +0 halberd "Dujil" {venom, rElec Str+5
                  | Dex-3}
 13819 | IceCv    | Found the +4 skin of Zhor {*Englaciate rC+++ SInv}
 13901 | IceCv    | HP: 21/84 [ice statue] (8)]
 14566 | D:11     | Reached skill level 8 in Invocations
 14577 | D:11     | Noticed a purple ugly thing
 14603 | D:10     | HP: 20/84 [vampire mosquito (7)]
 15270 | D:11     | Found a staircase to the Orcish Mines.
 15292 | D:11     | Killed a purple ugly thing
 15339 | D:11     | Identified the +0 longbow "Zeblin" {freeze, rC+}
 15597 | D:11     | Reached skill level 8 in Stealth
 15600 | D:11     | Reached ***** piety under Dithmenos
 15636 | D:11     | Found a sacrificial altar of Ru.
 15735 | Lair:1   | Entered Level 1 of the Lair of Beasts
 15758 | Lair:1   | HP: 21/84 [blink frog (6)]
 15936 | Lair:1   | Reached skill level 11 in Hexes
 15948 | Lair:1   | Found a dark tunnel.
 15956 | Volcano  | Entered a volcano
 15967 | Volcano  | Gained mutation: You are surrounded by a strong repulsion
                  | field. (EV +4, RMsl) [demonic ancestry]
 15967 | Volcano  | Reached XP level 12. HP: 91/91 MP: 13/18
 16303 | Volcano  | Reached skill level 10 in Short Blades
 16359 | Volcano  | Reached skill level 9 in Invocations
 16446 | Volcano  | Reached skill level 8 in Fighting
 16989 | Lair:1   | You are sucked into a shaft and drop 1 floor!
 17074 | Lair:2   | Found a staircase to the Swamp.
 17268 | Lair:1   | Reached skill level 12 in Hexes
 17463 | Lair:1   | Reached skill level 9 in Stealth
 17918 | Lair:1   | Reached skill level 10 in Invocations
 17945 | Lair:1   | Reached skill level 11 in Short Blades
 18125 | Lair:1   | Reached XP level 13. HP: 99/99 MP: 15/20
 18825 | Lair:2   | HP: 24/100 [wolf (9)]
 18832 | Lair:2   | HP: 17/100 [wolf (1)]
 19307 | Lair:2   | Reached skill level 9 in Fighting
 19314 | Lair:2   | HP: 25/101 [wolf spider (5)]
 19562 | Lair:2   | Found a hole to the Spider Nest.
 20055 | Lair:3   | You pick up a book of Spatial Translocations and begin
                  | reading...
 20055 | Lair:3   | You add the spells Blink and Momentum Strike to your
                  | library.
 20634 | Lair:3   | magus.rc [v1.11.3]
 20825 | Lair:3   | Noticed Gastronok
 20825 | Lair:3   | Gastronok the Ponderous comes into view. He is wearing the
                  | +3 hat of Pondering {ponderous, Will+ MP+10 Int+5}.
 20832 | Lair:3   | Aim: Gastronok, wearing the +3 hat of Pondering {ponderous,
                  | Will+ MP+10 Int+5} (moderately wounded, chance to confuse
                  | on hit: 4%, umbra, chance to affect: 0%)
 20832 | Lair:3   | Aim: Gastronok, wearing the +3 hat of Pondering {ponderous,
                  | Will+ MP+10 Int+5} (moderately wounded, chance to confuse
                  | on hit: 4%, umbra, chance to affect: 0%)
 20834 | Lair:3   | Aim: Gastronok, wearing the +3 hat of Pondering {ponderous,
                  | Will+ MP+10 Int+5} (moderately wounded, chance to confuse
                  | on hit: 4%, umbra, chance to affect: 0%)
 20834 | Lair:3   | Aim: Gastronok, wearing the +3 hat of Pondering {ponderous,
                  | Will+ MP+10 Int+5} (moderately wounded, chance to confuse
                  | on hit: 4%, umbra, chance to affect: 0%)
 20835 | Lair:3   | Aim: Gastronok, wearing the +3 hat of Pondering {ponderous,
                  | Will+ MP+10 Int+5} (moderately wounded, chance to confuse
                  | on hit: 4%, umbra, chance to affect: 0%)
 20835 | Lair:3   | Aim: Gastronok, wearing the +3 hat of Pondering {ponderous,
                  | Will+ MP+10 Int+5} (moderately wounded, chance to confuse
                  | on hit: 4%, umbra, chance to affect: 0%)
 20855 | Lair:3   | Aim: Gastronok, wearing the +3 hat of Pondering {ponderous,
                  | Will+ MP+10 Int+5} (moderately wounded, covering ground
                  | quickly, chance to confuse on hit: 4%, umbra, chance to
                  | affect: 0%)
 20855 | Lair:3   | Aim: Gastronok, wearing the +3 hat of Pondering {ponderous,
                  | Will+ MP+10 Int+5} (moderately wounded, covering ground
                  | quickly, chance to confuse on hit: 4%, umbra, chance to
                  | affect: 0%)
 20857 | Lair:3   | Aim: Gastronok, wearing the +3 hat of Pondering {ponderous,
                  | Will+ MP+10 Int+5} (moderately wounded, covering ground
                  | quickly, umbra, chance to affect: 0%)
 20857 | Lair:3   | Aim: Gastronok, wearing the +3 hat of Pondering {ponderous,
                  | Will+ MP+10 Int+5} (moderately wounded, covering ground
                  | quickly, umbra, chance to affect: 0%)
 20859 | Lair:3   | Aim: Gastronok, wearing the +3 hat of Pondering {ponderous,
                  | Will+ MP+10 Int+5} (moderately wounded, covering ground
                  | quickly, umbra, chance to affect: 0%)
 20859 | Lair:3   | Aim: Gastronok, wearing the +3 hat of Pondering {ponderous,
                  | Will+ MP+10 Int+5} (moderately wounded, covering ground
                  | quickly, umbra, chance to affect: 0%)
 20860 | Lair:3   | Aim: Gastronok, wearing the +3 hat of Pondering {ponderous,
                  | Will+ MP+10 Int+5} (moderately wounded, covering ground
                  | quickly, umbra, chance to affect: 0%)
 20860 | Lair:3   | Aim: Gastronok, wearing the +3 hat of Pondering {ponderous,
                  | Will+ MP+10 Int+5} (moderately wounded, covering ground
                  | quickly, umbra, chance to affect: 0%)
 20863 | Lair:3   | Aim: Gastronok, wearing the +3 hat of Pondering {ponderous,
                  | Will+ MP+10 Int+5} (heavily wounded, covering ground
                  | quickly, umbra, chance to affect: 0%)
 20863 | Lair:3   | Aim: Gastronok, wearing the +3 hat of Pondering {ponderous,
                  | Will+ MP+10 Int+5} (heavily wounded, covering ground
                  | quickly, umbra, chance to affect: 0%)
 20866 | Lair:3   | Aim: Gastronok, wearing the +3 hat of Pondering {ponderous,
                  | Will+ MP+10 Int+5} (heavily wounded, covering ground
                  | quickly, umbra, chance to affect: 0%)
 20866 | Lair:3   | Aim: Gastronok, wearing the +3 hat of Pondering {ponderous,
                  | Will+ MP+10 Int+5} (heavily wounded, covering ground
                  | quickly, umbra, chance to affect: 0%)
 20869 | Lair:3   | Aim: Gastronok, wearing the +3 hat of Pondering {ponderous,
                  | Will+ MP+10 Int+5} (heavily wounded, covering ground
                  | quickly, umbra, chance to affect: 0%)
 20869 | Lair:3   | Aim: Gastronok, wearing the +3 hat of Pondering {ponderous,
                  | Will+ MP+10 Int+5} (heavily wounded, covering ground
                  | quickly, umbra, chance to affect: 0%)
 20870 | Lair:3   | Killed Gastronok
 20871 | Lair:3   | Reached skill level 13 in Hexes
 21011 | Lair:3   | Found a transporter.
 21013 | Lair:3   | Found a transporter.
 21015 | Lair:3   | You pick up a book of the Hunter and begin reading...
 21015 | Lair:3   | You add the spells Sigil of Binding, Call Canine Familiar,
                  | Dimensional Bullseye and Leda's Liquefaction to your
                  | library.
 21017 | Lair:3   | Noticed Torious's ghost (journeyman DECj)
 21177 | Lair:4   | Reached skill level 11 in Invocations
 21649 | Lair:4   | Found a viscous altar of Jiyva.
 21649 | Lair:4   | Found a staircase to the Slime Pits.
 21795 | Lair:4   | Reached skill level 10 in Stealth
 22120 | Lair:5   | Entered Level 5 of the Lair of Beasts
 22144 | Lair:5   | Reached skill level 12 in Short Blades
 22491 | Lair:5   | Reached ****** piety under Dithmenos
 22603 | Lair:5   | Reached XP level 14. HP: 101/109 MP: 17/22
 22933 | Lair:5   | Reached skill level 3 in Dodging
 23197 | Lair:5   | HP: 23/109 [dire elephant (8)]
 23453 | Lair:5   | Reached skill level 10 in Fighting
 23994 | Lair:5   | Reached skill level 11 in Stealth
 24796 | Lair:5   | HP: 24/106 [spectral anaconda (8)]
 24797 | Lair:5   | HP: 11/104 [spectral anaconda (10)]
 25082 | Lair:5   | HP: 12/98 [dire elephant (16)]
 25082 | Lair:5   | Slain by a dire elephant

Vanquished Creatures
  Gastronok (Lair:3)
  2 dire elephants (Lair:5)
  4 hydras (Lair:5)
  6 death yaks
  A spectral anaconda (Lair:5)
  A bog body (IceCv)
  A deep elf archer (Volcano)
  7 deep elf pyromancers (Volcano)
  2 wolf spiders (Lair:2)
  A manticore (D:11)
  An ugly thing (D:11)
  7 elephants
  A dire elephant zombie (Lair:5)
  6 black mambas
  A dire elephant skeleton (Lair:5)
  An unseen horror (D:11)
  17 cane toads
  4 rime drakes
  An anaconda simulacrum (IceCv)
  2 komodo dragons
  An ice devil (IceCv)
  A troll (D:9)
  4 polar bears
  A hornet (D:9)
  4 dream sheep (Lair:4)
  18 blink frogs
  2 spectral elephants (Lair:5)
  A jumping spider (Lair:2)
  A shadow (D:10)
  2 dire elephant simulacra
  6 wyverns
  31 yaks
  2 steam dragons
  3 fire elementals (Volcano)
  3 basilisks
  A death yak simulacrum (IceCv)
  2 harpy simulacra (IceCv)
  5 vampire mosquitoes
  2 spectral cane toads (Lair:5)
  21 water moccasins
  4 hell hounds (Volcano)
  2 hydra simulacra (IceCv)
  5 orc warriors
  2 sky beasts
  5 black bears
  An ice beast (D:8)
  2 elephant zombies (Lair:5)
  2 ogres (D:6)
  22 wolves
  4 centaurs
  An elephant skeleton (Lair:5)
  2 phantoms
  2 kobold brigands
  12 bullfrogs
  2 cane toad simulacra (IceCv)
  4 two-headed ogre simulacra (IceCv)
  3 scorpions
  A gnoll sergeant (D:10)
  2 wights (D:8)
  12 killer bees
  3 elephant simulacra (IceCv)
  An electric eel (Lair:1)
  2 howler monkeys
  5 hounds
  A human zombie (D:6)
  4 orc priests
  2 jellies
  3 gnoll boudas
  2 sleepcaps (D:4)
  A human skeleton (D:6)
  3 iguanas (D:5)
  7 orc wizards
  3 spriggan simulacra (IceCv)
  A troll simulacrum (IceCv)
  5 hell rats (Lair:5)
  3 polar bear simulacra (IceCv)
  A wolf simulacrum (IceCv)
  12 gnolls
  7 adders
  8 naga simulacra (IceCv)
  3 river rats (Lair:5)
  A shadow imp (D:6)
  9 white imps
  7 ufetubi
  A worm (D:4)
  4 dart slugs
  46 orcs
  7 endoplasms
  5 giant cockroaches
  7 goblins
  10 hobgoblins
  6 jackals
  4 quokkas
  7 ball pythons
  5 frilled lizards
  7 kobolds
  11 rats
482 creatures vanquished.

Vanquished Creatures (collateral kills)
  A two-headed ogre (D:11)
  A bog body (IceCv)
  An elephant (Lair:4)
  A cane toad (Lair:2)
  Maggie (D:6)
  A rime drake (Lair:5)
  A komodo dragon (D:11)
  A polar bear (D:11)
  A blink frog (Lair:1)
  A yak (D:11)
  A fire elemental (Volcano)
  2 basilisks
  A vampire mosquito (D:11)
  Edmund (D:5)
  3 water moccasins (Lair:1)
  2 black bears
  2 wolves (Lair:2)
  A centaur (D:7)
  A scorpion (D:6)
  A cane toad simulacrum (Lair:5)
  2 wights (D:8)
  4 orc priests
  2 sleepcaps (D:8)
  An orc wizard (D:9)
  A spriggan simulacrum (IceCv)
  A wolf simulacrum (IceCv)
  A white imp (D:7)
  An ufetubus (IceCv)
  4 orcs
  A quokka (D:5)
43 creatures vanquished.

Vanquished Creatures (others)
  An orc priest (D:9)
1 creature vanquished.

Grand Total: 526 creatures vanquished

Table legend:
 A = Non-vault XP
 B = Vault XP
 C = Vault XP percentage of total XP
 D = Non-vault monster count
 E = Vault monster count
 F = Vault count percentage of total count
                 A         B        C        D         E       F
            +---------+---------+-------+---------+---------+-------
      Total |   47715 |   31581 |  39.8 |     344 |     182 |  34.6
            +---------+---------+-------+---------+---------+-------
        D:1 |      51 |       0 |   0.0 |      30 |       0 |   0.0
        D:2 |      22 |       6 |  21.4 |       5 |       3 |  37.5
        D:3 |     138 |       0 |   0.0 |      14 |       0 |   0.0
        D:4 |     348 |     186 |  34.8 |      23 |       6 |  20.7
        D:5 |     281 |     256 |  47.7 |      15 |       2 |  11.8
        D:6 |     968 |     460 |  32.2 |      20 |       3 |  13.0
        D:7 |     923 |       0 |   0.0 |      20 |       0 |   0.0
        D:8 |    2210 |     338 |  13.3 |      20 |       5 |  20.0
        D:9 |    2078 |     718 |  25.7 |      34 |       4 |  10.5
       D:10 |    1514 |       0 |   0.0 |      27 |       0 |   0.0
       D:11 |    3381 |    1994 |  37.1 |      10 |      23 |  69.7
     Lair:1 |    6002 |    3573 |  37.3 |      28 |      17 |  37.8
     Lair:2 |    9536 |    2741 |  22.3 |      30 |      15 |  33.3
     Lair:3 |    2989 |    1523 |  33.8 |      18 |       1 |   5.3
     Lair:4 |    4579 |    1080 |  19.1 |      13 |       5 |  27.8
     Lair:5 |   12695 |    8071 |  38.9 |      37 |      31 |  45.6
      IceCv |       0 |    4364 | 100.0 |       0 |      51 | 100.0
    Volcano |       0 |    6271 | 100.0 |       0 |      16 | 100.0
            +---------+---------+-------+---------+---------+-------

Skill      XL: |  1  2  3  4  5  6  7  8  9 10 11 12 13 14 |
---------------+-------------------------------------------+-----
Short Blades   | 1 2 3 4 5 7 8 9 11 12 | 12.8
Dodging        | 2 3 |  3.7
Fighting       | 1 2 3 4 5 6 7 8 9 10 | 10.2
Stealth        | 3 4 5 6 7 8 9 10 11 | 11.2
Ice Magic      | 1 |  1.0
Hexes          | 4 5 7 8 9 11 12 13 | 13.2
Spellcasting   | 3 |  3.0
Invocations    | 1 3 5 6 8 10 11 | 11.0

Action                     |  1- 3 |  4- 6 |  7- 9 | 10-12 | 13-15 || total
---------------------------+-------+-------+-------+-------+-------++-------
  Melee: Dagger            |   147 |    97 |   282 |   727 |       ||  1253
         Punch             |     2 |       |     5 |    16 |    11 ||    34
         Short sword       |       |       |       |   233 |   629 ||   862
   Cast: Ensorcelled Hiber |     2 |     2 |    38 |    87 |    92 ||   221
         Confusing Touch   |     2 |     2 |     6 |    57 |    28 ||    95
         Dazzling Flash    |       |       |       |     5 |    13 ||    18
 Invoke: Shadow Form       |       |       |       |     1 |       ||     1
         Shadow Step       |       |       |       |       |     4 ||     4
  Evoke: Wand              |       |       |       |     5 |       ||     5
         Box of beasts     |       |       |       |       |     1 ||     1
    Use: Scroll            |     9 |       |     7 |    13 |     4 ||    33
         Potion            |     2 |       |       |     1 |       ||     3
   Stab: Sleeping          |    10 |     7 |    29 |    59 |    69 ||   174
         Confused          |       |     5 |     5 |    33 |    17 ||    60
         Paralysed         |       |       |       |    40 |    21 ||    61
         Distracted        |       |       |       |     2 |     2 ||     4
         Invisible         |       |       |       |     5 |     7 ||    12
 Armour: Robe              |    51 |    27 |   131 |   192 |       ||   401
         Skin              |       |       |       |   205 |   210 ||   415
  Dodge: Dodged            |    93 |    42 |   156 |   515 |   288 ||  1094
         Repelled          |       |       |       |     1 |       ||     1
  Block: Other             |       |       |     6 |   150 |    92 ||   248
         Reflection        |       |       |       |     4 |       ||     4

Illustrated notes

Table legend:
 A = Kills in this place as a percentage of kills in the entire game.
 B = Kills by you in this place as a percentage of kills by you in the entire game.
 C = Kills by friends in this place as a percentage of kills by friends in the entire game.
 D = Other kills in this place as a percentage of other kills in the entire game.
 E = Experience gained in this place as a percentage of experience gained in the entire game.
 F = Experience gained in this place divided by the number of levels of this place that you have seen.
                   A       B       C       D       E      F
               +-------+-------+-------+-------+-------+----------------------
         Total | 100.0 | 100.0 | 100.0 | 100.0 | 100.0 | 4173.5
       Dungeon |  50.2 |  49.3 |  62.8 |  33.3 |  20.0 | 1442.9
          Lair |  37.1 |  38.2 |  25.6 |  33.3 |  66.6 | 10557.8
      Ice Cave |   9.7 |   9.4 |   9.3 |  33.3 |   5.5 | 4364.0
       Volcano |   3.0 |   3.1 |   2.3 |   0.0 |   7.9 | 6271.0
               +-------+-------+-------+-------+-------+----------------------

Table legend: (Time is in decaauts)
 A = Elapsed time spent in this place.
 B = Non-inter-level travel time spent in this place.
 C = Inter-level travel time spent in this place.
 D = Time resting spent in this place.
 E = Time spent auto-exploring this place.
 F = Levels seen in this place.
 G = Mean time per level.
                   A        B        C        D        E       F      G
               +--------+--------+--------+--------+--------+-----+--------+
         Total |  24276 |  23664 |    612 |   4385 |  15012 |  19 | 1277.7 |
       Dungeon |  11875 |  11367 |    508 |   1071 |   8278 |  11 | 1079.5 |
        Temple |     65 |     64 |      1 |      0 |     64 |   1 |   65.0 |
          Lair |   8370 |   8267 |    103 |   1976 |   4830 |   5 | 1674.0 |
      Ice Cave |   3365 |   3365 |      0 |   1032 |   1724 |   1 | 3365.0 |
       Volcano |    599 |    599 |      0 |    305 |    116 |   1 |  599.0 |
               +--------+--------+--------+--------+--------+-----+--------+

Top non-repeatable levels by time:
   IceCv: 3365 daAuts
  Lair:5: 2483 daAuts
  Lair:2: 2009 daAuts
  Lair:1: 1717 daAuts
     D:4: 1686 daAuts
     D:8: 1631 daAuts
    D:10: 1305 daAuts
     D:9: 1299 daAuts
  Lair:4: 1288 daAuts
     D:6: 1249 daAuts
     D:7: 1077 daAuts
    D:11: 1067 daAuts
  Lair:3: 871 daAuts
     D:5: 813 daAuts
     D:1: 716 daAuts
